 Dungeon Crawl Stone Soup version 0.20.0-8-g6b59dc7 (webtiles) character file.

238 Kosschaser the Sneak (level 6, -3/29 HPs)
             Began as a Vine Stalker Enchanter on May 30, 2017.
             Killed by divine providence
             ... invoked by an orc priest
              (9 damage)
             ... on level 3 of the Dungeon.
             The game lasted 00:20:39 (2880 turns).

Kosschaser the Sneak (Vine Stalker Enchanter)       Turns: 2880, Time: 00:20:39

Health: -3/29      AC:  2    Str: 10    XL:     6   Next: 7%
Magic:  0/12       EV: 13    Int: 15    God:
Gold:   166        SH:  0    Dex: 17    Spells: 5/11 levels left

rFire    . . .     SeeInvis .   a - +1 dagger
rCold    . . .     Gourm    .   (no shield)
rNeg     . . .     Faith    .   b - +0 robe
rPois    .         Spirit   +   (no helmet)
rElec    .         Reflect  .   (no cloak)
rCorr    .         Harm     .   (no gloves)
MR       .....                  (no boots)
Stlth    +++.......             (no amulet)
Regen    0.5/turn               (no ring)
MPRegen  0.2/turn               (no ring)

@: very slightly contaminated
A: fangs 2, regeneration 1, magic shield, antimagic bite, no potion heal 3, rot
immunity
a: no special abilities


You were on level 3 of the Dungeon.
You were hungry.

You visited 1 branch of the dungeon, and saw 4 of its levels.

You collected 166 gold pieces.

Inventory:

Hand Weapons
 a - a +1 dagger (weapon)
Armour
 b - a +0 robe (worn)
Jewellery
 n - an uncursed ring of positive energy {unknown}
 p - an uncursed ring of stealth {unknown}
Scrolls
 h - 6 scrolls of identify {unknown}
 k - 2 scrolls of remove curse {unknown}
 l - 6 scrolls of amnesia {unknown}
 o - a scroll of teleportation {unknown}
 q - 2 scrolls of enchant weapon {unknown}
Potions
 e - 2 potions of might {unknown}
 g - 2 potions of curing {unknown}
 i - 2 potions of brilliance {unknown}
 j - a potion of haste {unknown}
 m - 2 potions of agility {unknown}
Books
 c - a book of Maledictions

   Spells                             Type                      Level
   a - Corona                         Hexes                        1
   b - Ensorcelled Hibernation        Hexes/Ice                    2
   c - Confuse                        Hexes                        3
   d - Tukima's Dance                 Hexes                        3
   e - Dazzling Spray                 Conjuration/Hexes            3
Comestibles
 d - 3 bread rations
 f - 3 royal jellies
 r - 2 chunks of flesh


   Skills:
 + Level 0.5 Fighting
 + Level 1.3 Short Blades
 + Level 2.1 Dodging
 * Level 6.1 Stealth
 + Level 3.3 Spellcasting
 + Level 3.4 Hexes
 + Level 1.4 Ice Magic


You had 5 spell levels left.
You knew the following spells:

 Your Spells              Type           Power        Failure   Level  Hunger
a - Corona                Hex            ##.....      4%          1    None
b - Ensorcelled Hibernat  Hex/Ice        #.....       11%         2    ##.....
c - Confuse               Hex            ##......     14%         3    ###....


Dungeon Overview and Level Annotations

Branches:
Dungeon (4/15)
 Temple: D:4-7

Altars:


Innate Abilities, Weirdness & Mutations

You have extremely sharp teeth.
Your natural rate of healing is unusually fast.
When hurt, damage is shared between your health and your magic reserves.
Your bite disrupts and absorbs the magic of your enemies.
Potions cannot restore your health.
You are immune to rotting.


Message History

The orc priest looks encouraged for a moment.
You hit the orc priest. Your bite misses the orc priest.
The orc priest is moderately wounded.
The orc priest hits you with a dagger.
You hit the orc priest but do no damage.
The orc priest is moderately wounded.
The orc priest misses you.
Casting: Ensorcelled Hibernation
Confirm with . or Enter, or press ? or * to list all spells.
Aiming: Ensorcelled Hibernation
Press: ? - help, Shift-Dir - straight line, f/p - orc priest
Aim: an orc priest, wielding a dagger (moderately wounded, chance to defeat MR: 40%)
The orc priest resists with some effort.
The orc priest invokes the aid of Beogh against you.
Beogh smites you!
* * * LOW HITPOINT WARNING * * *
The orc priest looks encouraged for a moment.
The orc priest invokes the aid of Beogh against you.
Beogh smites you!
You die...

#. #.# #. #.#
##.##.##################..
#......†..................
#..##.##################.#
##..##.#........).)(....(..
##...#....<........#######(.
#..........#######.#######..
#.........o@..#..#......##.#
#..........##.#..#......##.#
#........o.###.#.#>#....##.#
#..........##...........##.#
#..........###.#.#†#....##[#
#..........##.......######.#
#............#.#.#.#.....(.#
#..........##.......#####..#
#..........###.#.#.## #..#


You could see an orc priest and an orc.

Vanquished Creatures
  An orc priest (D:3)
  2 orc wizards (D:3)
  Natasha (D:3)
  Robin (D:3)
  3 gnolls (D:2)
  2 worms
  3 dart slugs
  4 orcs (D:3)
  8 bats
  A giant cockroach (D:1)
  16 goblins
  12 hobgoblins
  4 jackals
  A quokka (D:3)
  4 frilled lizards
  3 kobolds (D:1)
  10 rats
76 creatures vanquished.

Notes
Turn   | Place    | Note
-------+----------+-------------------------------------------
     0 | D:1      | Kosschaser the Vine Stalker Enchanter began the quest for the Orb.
     0 | D:1      | Reached XP level 1. HP: 9/9 MP: 4/4
    85 | D:1      | Reached XP level 2. HP: 13/13 MP: 6/6
    89 | D:1      | Learned a level 2 spell: Ensorcelled Hibernation
   164 | D:1      | Reached skill level 4 in Stealth
   629 | D:1      | Reached XP level 3. HP: 15/16 MP: 7/7
   806 | D:2      | Reached skill level 1 in Short Blades
   941 | D:2      | Reached skill level 5 in Stealth
  1222 | D:2      | Learned a level 3 spell: Confuse
  1228 | D:2      | Gained mutation: Your natural rate of healing is unusually fast. [Vine Stalker growth]
  1228 | D:2      | Reached XP level 4. HP: 5/21 MP: 2/8
  2246 | D:3      | Noticed Natasha
  2267 | D:3      | Reached XP level 5. HP: 24/24 MP: 7/10
  2296 | D:3      | Noticed Robin
  2308 | D:3      | Killed Robin
  2683 | D:3      | Reached skill level 6 in Stealth
  2722 | D:3      | HP: 1/25 [orc wizard/magic dart (7)]
  2801 | D:3      | Reached skill level 1 in Ice Magic
  2843 | D:3      | Killed Natasha
  2843 | D:3      | Reached XP level 6. HP: 29/29 MP: 3/12
  2880 | D:3      | Killed from afar by an orc priest

Skill      XL: |  1  2  3  4  5 |
---------------+----------------+-----
Stealth        | 4 5 6 |  6.1
Short Blades   | 1 |  1.3
Dodging        | 2 |  2.1
Spellcasting   | 3 |  3.3
Ice Magic      | 1 |  1.4
Fighting       | |  0.5
Hexes          | |  3.4

Action                   |  1- 3 |  4- 6 || total
-------------------------+-------+-------++-------
Melee: Dagger            |   103 |   152 ||   255
       Bite              |    23 |    31 ||    54
 Cast: Ensorcelled Hiber |    13 |    31 ||    44
       Confuse           |     1 |     6 ||     7
 Stab: Sleeping          |    14 |    16 ||    30
       Distracted        |     1 |       ||     1
       Confused          |     1 |     2 ||     3
  Eat: Chunk             |     2 |     8 ||    10
Armor: Robe              |    27 |    14 ||    41
Dodge: Dodged            |    84 |    71 ||   155
